 Dungeon Crawl Stone Soup version 0.31-a0-188-g5e087ee2ca (webtiles) character file.

Game seed: 2064238404498517731

627 rabbitsville the Firebug (level 7, -7/50 HPs)
             Began as a Hill Orc Fire Elementalist on June 23, 2023.
             Was an Initiate of Nemelex Xobeh.
             Mangled by an ogre
             ... wielding a +0 giant spiked club
              (19 damage)
             ... on level 4 of the Dungeon.
             The game lasted 00:11:04 (3674 turns).

rabbitsville the Firebug (HOFE)                     Turns: 3674, Time: 00:11:05

Health: -7/50      AC:  2    Str: 11    XL:     7   Next: 48%
Magic:  3/20       EV: 12    Int: 17    God:    Nemelex Xobeh [......]
Gold:   195        SH:  0    Dex: 11    Spells: 9/12 levels left

rFire   . . .        f - +0 dagger
rCold   . . .        (no shield)
rNeg    . . .        a - +0 robe
rPois   .            (no helmet)
rElec   .            (no cloak)
rCorr   .            (no gloves)
SInv    .            (no boots)
Will    .....        (no amulet)
Stlth   ++           e - ring of magical power
HPRegen 0.28/turn    (no ring)
MPRegen 0.17/turn

%: no passive effects
@: no status effects
A: no striking features
a: Renounce Religion, Draw Escape, Draw Destruction, Draw Summoning


You were on level 4 of the Dungeon.
You worshipped Nemelex Xobeh.
Nemelex Xobeh was noncommittal.
You visited 1 branch of the dungeon, and saw 4 of its levels.

You collected 195 gold pieces.

Inventory:

Hand Weapons
 f - a +0 dagger (weapon)
Missiles
 d - 5 poisoned darts
Armour
 a - a +0 robe (worn)
Jewellery
 e - a ring of magical power (left hand)
 s - an amulet of guardian spirit
 u - a ring of willpower
Scrolls
 c - a scroll of enchant armour {unknown}
 g - 2 scrolls of fog {unknown}
 i - 3 scrolls of amnesia {unknown}
 j - 2 scrolls of vulnerability {unknown}
 k - a scroll of immolation {unknown}
 l - 5 scrolls of identify {unknown}
 n - a scroll of poison {unknown}
 q - a scroll of teleportation {unknown}
 r - a scroll of fear {unknown}
Potions
 b - 2 potions of magic
 h - a potion of curing
 m - 2 potions of resistance {unknown}
 o - a potion of mutation {unknown}
 p - 2 potions of heal wounds {unknown}
 t - 2 potions of haste {unknown}


   Skills:
 - Level 1.5 Dodging
 - Level 1.5 Stealth
 + Level 3.0 Spellcasting
 - Level 3.0 Conjurations
 * Level 6.4 Fire Magic
 * Level 4.9 Invocations


You had 9 spell levels left.
You knew the following spells:

 Your Spells              Type           Power      Damage    Failure   Level
a - Foxfire               Conj/Fire      72%        2x1d7     2%          1
b - Scorch                Fire           48%        2d7       1%          2

Your spell library contained the following spells:

 Spells                   Type           Power      Damage    Failure   Level
 Inner Flame              Hex/Fire       13%        N/A       14%         3
 Volatile Blastmotes      Fire/Tloc      26%        2d12      14%         3
 Apportation              Tloc           4%         N/A       17%         1
 Lesser Beckoning         Tloc           4%         N/A       26%         2
 Flame Wave               Conj/Fire      18%        2d7       26%         4
 Gell's Gravitas          Tloc           2%         N/A       45%         3
 Teleport Other           Tloc           2%         N/A       45%         3
 Alistair's Intoxication  Tmut/Pois      1%         N/A       99%         5


Dungeon Overview and Level Annotations

Branches:
Dungeon (4/15)
 Temple: D:4-7

Altars:
Ashenzari
Elyvilon
Nemelex Xobeh
Wu Jian

Annotations:
D:2 1 runed translucent door, Crazy Yiuf


Message History

The centaur's fire resistance burns away.
The foxfire hits the centaur.
The centaur is burned terribly!
The centaur is heavily wounded.
The ogre closely misses you.
You conjure some foxfire!
The centaur unwields a +0 orcbow.
The centaur hits you but does no damage.
The centaur closely misses you.
A hound comes into view.
You conjure some foxfire!
The foxfire hits the centaur but does no damage.
The centaur is heavily wounded.
The foxfire hits the centaur!
The centaur is burned terribly!
The centaur is almost dead.
The foxfire hits the jackal.
The jackal is almost dead.
The centaur zaps a wand.
The bolt of acid misses you.
The ogre hits you with a +0 giant spiked club!!
* * * LOW HITPOINT WARNING * * *
The centaur hits you.
* * * LOW HITPOINT WARNING * * *
The centaur misses you.
You are too injured to fight recklessly!
It was a potion of curing.
You feel better.
The foxfire hits the centaur.
The centaur is burned terribly!
You kill the centaur!
The jackal barely misses you. The ogre misses you.
Your Spellcasting skill increases to level 3!
You are too injured to fight recklessly!
Casting: Foxfire (safe; 2% risk of failure)
Press: ? - help, Q - select action, (/) - cycle Dir - look around, f - activate You conjure some foxfire!
The jackal barely misses you. The jackal closely misses you.
The jackal barely misses you.
The foxfire hits the jackal.
You kill the jackal!
Casting: Foxfire (safe; 2% risk of failure)
Press: ? - help, Q - select action, (/) - cycle Dir - look around, f - activate You conjure some foxfire!
The ogre hits you with a +0 giant spiked club!!
You die...
Your body disappears without a glow.

### .#.
...h...... .#.#
#.........
.#.###......O..
.#.##...o.ho..O
#.##.#.#
#.##.#.#
##..h...#
#hhO##### #v@.#
#vv.# ##.## #.#
##### #.# #....
#.# #.### #.#
#.#.. ###.##
#.#.# #....#
#.#..


You could see an ogre (ally target), a hound and 2 jackals.

Vanquished Creatures
  Grinder (D:3)
  A black bear (D:4)
  An ogre (D:4)
  A centaur (D:4)
  Jessica (D:3)
  6 adders
  5 gnolls
  A white imp (D:3)
  A worm (D:3)
  A dart slug (D:3)
  7 orcs
  3 ball pythons
  5 endoplasms
  3 giant cockroaches
  A hobgoblin (D:3)
  2 jackals (D:4)
  8 kobolds
  2 quokkas
  5 bats
  5 frilled lizards
  4 goblins
  5 rats
69 creatures vanquished.

Vanquished Creatures (collateral kills)
  A foxfire (D:1)
1 creature vanquished.

Vanquished Creatures (others)
  165 foxfires
165 creatures vanquished.

Grand Total: 235 creatures vanquished

Notes
Turn   | Place    | Note
-------+----------+-------------------------------------------
     0 | D:1      | rabbitsville the Hill Orc Fire Elementalist began the quest
                  | for the Orb.
     0 | D:1      | Reached XP level 1. HP: 14/14 MP: 3/3
   386 | D:1      | Reached XP level 2. HP: 20/20 MP: 4/4
   633 | D:1      | Learned a level 2 spell: Scorch
  1072 | D:2      | Reached XP level 3. HP: 26/26 MP: 5/5
  1084 | D:1      | Reached skill level 4 in Fire Magic
  1585 | D:2      | Reached XP level 4. HP: 33/33 MP: 7/7
  1608 | D:2      | Found a runed translucent door.
  1609 | D:2      | Noticed Crazy Yiuf
  2456 | D:3      | Reached XP level 5. HP: 38/38 MP: 8/8
  2488 | D:3      | Found a sparkling altar of Nemelex Xobeh.
  2493 | D:3      | Became a worshipper of Nemelex Xobeh the Trickster
  2689 | D:3      | Reached skill level 1 in Invocations
  2759 | D:3      | Noticed Grinder
  2767 | D:3      | Killed Grinder
  2768 | D:3      | Reached skill level 5 in Fire Magic
  2768 | D:3      | Reached XP level 6. HP: 45/45 MP: 7/9
  2982 | D:3      | Noticed Jessica
  2984 | D:3      | Killed Jessica
  3183 | D:3      | Found a broken altar of Ashenzari.
  3221 | D:3      | Found a white marble altar of Elyvilon.
  3305 | D:4      | Noticed a black bear
  3344 | D:4      | Noticed a black bear
  3547 | D:4      | Found an ornate altar of the Wu Jian Council.
  3554 | D:4      | Killed a black bear
  3555 | D:4      | Reached XP level 7. HP: 50/50 MP: 11/11
  3662 | D:4      | Reached skill level 6 in Fire Magic
  3674 | D:4      | Mangled by an ogre

Illustrated notes

Levels and vault maps discovered:
D:1:      eino_arrival_tree_alley, layout_loops_corners
D:2:      layout_basic, uniq_crazy_yiuf_cottage
D:3:      layout_loops_ring, lemuel_doored_altar, mainiacjoe_overflow_two_lobes,
          uniq_jessica, uniq_grinder
D:4:      layout_loops_cross, nzn_wu_jian_contemplation, uniq_ijyb

Skill      XL: |  1  2  3  4  5  6  7 |
---------------+----------------------+-----
Conjurations   | 2 3 |  3.0
Fire Magic     | 4 5 6 |  6.4
Spellcasting   | 2 3 |  3.0
Invocations    | 3 4 |  4.9
Dodging        | |  1.5
Stealth        | |  1.5

Action                     |  1- 3 |  4- 6 |  7- 9 || total
---------------------------+-------+-------+-------++-------
  Melee: Unarmed           |     4 |       |       ||     4
         Dagger            |     7 |     9 |       ||    16
   Cast: Foxfire           |    29 |    59 |    13 ||   101
         Scorch            |     8 |    15 |     3 ||    26
    Use: Potion            |       |       |     1 ||     1
 Armour: Robe              |     5 |     4 |     1 ||    10
  Dodge: Dodged            |    15 |    15 |    14 ||    44

Table legend: (Time is in decaauts)
 A = Elapsed time spent in this place.
 B = Non-inter-level travel time spent in this place.
 C = Inter-level travel time spent in this place.
 D = Time resting spent in this place.
 E = Time spent auto-exploring this place.
 F = Levels seen in this place.
 G = Mean time per level.
                   A        B        C        D        E       F      G
               +--------+--------+--------+--------+--------+-----+--------+
         Total |   3675 |   3476 |    199 |    196 |   2449 |   4 |  918.8 |
       Dungeon |   3675 |   3476 |    199 |    196 |   2449 |   4 |  918.8 |
               +--------+--------+--------+--------+--------+-----+--------+

Top non-repeatable levels by time:
     D:2: 1217 daAuts
     D:1: 1172 daAuts
     D:3: 1082 daAuts
     D:4: 202 daAuts
